zfc, chaotic female orcish Barbarian ------------ |..........| ------- #|..........| |..*...#######|..........| |.....| # #...........| ----- |u.....# # |........*.| |.<.| -------# # ------------ |...+ # % #....| # # #----- # # #### # # # # # # # # # # # ----.--- # # ### ######.......| ### # #-----## |......| # ----+------# #.....## |.......#####-..[.......# |...| -------- |....>....| ----- ----------- zfc the Bandit Experience level: 8 Strength: 18/02 Dexterity: 16 Constitution: 18 Intelligence: 7 Wisdom: 6 Charisma: 6 Health: 0(81) Energy: 11(11) Def: 10 Gold: 5984 Moves: 4534 Dungeon seed: EpFhjQO9p-MfQHv9 Game ID: zfc_1612213849 Your Inventory: Coins $ - 5984 gold pieces Weapons a - an uncursed +0 two-handed sword (weapon in hands) b - an uncursed +0 axe s - 2 uncursed +0 darts C - 8 cursed -1 darts E - 10 blessed +0 darts Armor e - an uncursed +0 elven mithril-coat (being worn) n - an uncursed +0 dwarvish iron helm (being worn) q - an uncursed +0 dwarvish cloak (being worn) r - an uncursed +0 pair of leather gloves (being worn) y - an uncursed +0 pair of iron shoes (being worn) N - an uncursed +0 mummy wrapping Comestibles c - 5 uncursed food rations d - 2 uncursed slime molds L - an uncursed C-ration S - an uncursed tin of iguana meat Scrolls g - 2 uncursed scrolls of remove curse k - an uncursed scroll of enchant weapon m - 2 uncursed scrolls of confuse monster p - 2 uncursed scrolls of identify v - 2 cursed scrolls of blank paper w - 4 uncursed scrolls of blank paper z - an uncursed scroll of genocide A - 2 uncursed scrolls of light F - a blessed scroll of light H - an uncursed scroll of fire K - an uncursed scroll of earth M - a cursed scroll of fire O - a blessed scroll of blank paper R - a cursed scroll of identify Potions l - an uncursed potion of invisibility o - an uncursed potion of levitation B - an uncursed potion of enlightenment Q - a cursed potion of object detection Rings j - a cursed ring of invisibility (on left hand) G - an uncursed ring of poison resistance (on right hand) Wands t - an uncursed wand of opening (0:4) T - an uncursed wand of digging (0:5) Tools x - an uncursed oil lamp (lit) (0:307) D - an uncursed brass lantern (0:1046) J - an uncursed towel Spells and supernatural/magical abilities: Name Level Category Fail Memory W - pray for help -- divine ? -- Your skills at the end: Fighting Skills bare handed combat [Basic] Weapon Skills axe [Basic] two-handed sword [Skilled] Spellcasting Skills Final Attributes: You were piously aligned. You were poison resistant. You were telepathic. You had infravision. You were invisible. You were fast. You are dead. Vanquished creatures: a fire elemental a sergeant a sasquatch a gelatinous cube a pyrolisk 2 tengu a crocodile a giant beetle a cockatrice 4 winter wolf cubs a spotted jelly an iron piercer a giant spider an ogre an owlbear a yeti a lizard a housecat a dwarf lord a plains centaur 2 gnome mummies 3 Woodland-elves a wood nymph a rock piercer 2 rock moles 3 ponies a yellow light 5 elf zombies a straw golem 2 paper golems 2 floating eyes a dwarf a kobold shaman a hill orc 4 rothes 2 orc zombies 5 iguanas 2 gas spores 3 hobbits 10 manes a large kobold a hobgoblin 3 cave spiders 2 yellow molds a red mold 2 gnomes 5 garter snakes 3 gnome zombies 3 geckos 3 jackals 2 kobolds a sewer rat 4 grid bugs 6 lichens a kobold zombie 6 newts 120 creatures vanquished. Voluntary challenges: You had been an atheist until turn 1835. You used a wielded weapon 192 times, starting on turn 2. You were illiterate. You never genocided any monsters. You never polymorphed an object. You never changed form. You used no wishes. You never split a pudding. You never wrote Elbereth's name. You never violated your personal moral code. Dungeon overview: The Dungeons of Doom: levels 1 to 15 Level 1 a long staircase Level 2 a fountain Level 3 a sink Level 4 a potion shop a long staircase Level 5 a fountain Level 6 Level 7 Level 8 some fountains Level 9 many fountains Level 10 a sink stairs to Sokoban Level 11 Level 12 Level 13 an altar to Crom Level 14 some fountains Level 15 <- You were here Sokoban: Level 9 stairs to The Dungeons of Doom History has recorded: On T:1 you entered the Dungeons of Doom to retrieve the Amulet of Yendor! On T:131 you reached level 2 of The Dungeons of Doom. On T:352 you advanced to experience level 2. On T:385 you reached level 3 of The Dungeons of Doom. On T:474 you reached level 4 of The Dungeons of Doom. On T:695 you advanced to experience level 3. On T:803 you reached level 5 of The Dungeons of Doom. On T:1097 you advanced to experience level 4. On T:1299 you reached level 6 of The Dungeons of Doom. On T:1600 you reached level 7 of The Dungeons of Doom. On T:1707 you advanced to experience level 5. On T:2105 you reached level 8 of The Dungeons of Doom. On T:2198 you advanced to experience level 6. On T:2507 you reached level 9 of The Dungeons of Doom. On T:2814 you reached level 10 of The Dungeons of Doom. On T:2874 you reached level 4 of Sokoban. On T:3018 you reached level 11 of The Dungeons of Doom. On T:3304 you reached level 12 of The Dungeons of Doom. On T:3321 you advanced to experience level 7. On T:3535 you reached level 13 of The Dungeons of Doom. On T:3753 you reached level 14 of The Dungeons of Doom. On T:3830 you advanced to experience level 8. On T:4389 you reached level 15 of The Dungeons of Doom. Score breakdown: Gold: 5984 (12848 points) Experience: 8 levels (14739 points) Exploration: 15 levels ( 28.85%) (15718 points) Discoveries: 3 items ( 1.22%) ( 3312 points) Valuables value: (no points given unless you survive) Artifact value: 0 ( 0 points) Variety of kills: 56 monsters ( 14.70%) (11501 points) Turncount: 4534 turns (-1210 points) Survival: died (score multiplied by 80%) Total score: 45526 Latest messages: You see here a green gem. You see here a tin. S - a tin. You miss the gray unicorn. The gray unicorn butts! The gray unicorn kicks! You smite the gray unicorn! The gray unicorn butts! The gray unicorn kicks! You smite the gray unicorn! The gray unicorn misses. The gray unicorn kicks! The gray unicorn butts! The gray unicorn misses. You miss the gray unicorn. You see here a partly eaten owlbear corpse. You hear the footsteps of a guard on patrol. T - a glass wand. The gray unicorn misses. The gray unicorn just misses! The gray unicorn butts! The gray unicorn kicks! You miss the gray unicorn. The gray unicorn butts! The gray unicorn kicks! You die... Final status: Goodbye zfc the Barbarian, killed by a gray unicorn... You died in The Dungeons of Doom on dungeon level 15 with 45526 points, and 5984 pieces of gold, after 4534 moves. You were level 8 with a maximum of 81 hit points when you died.